 Dungeon Crawl Stone Soup version 0.30-a0-614-ge5ea1257c2 (console) character file.

Game seed: 3900047641214463193

605 Ignak the Sneak (level 7, 0/45 HPs)
             Began as an Octopode Enchanter on Jan 9, 2023.
             Slain by a kobold
             ... wielding a +2 whip of venom
              (3 damage)
             ... on level 3 of the Dungeon.
             The game lasted 00:12:19 (3824 turns).

Ignak the Sneak (Octopode Enchanter)                Turns: 3824, Time: 00:12:20

Health: 0/45       AC:  1    Str:  7    XL:     7   Next: 42%
Magic:  5/11       EV: 14    Int: 18    God:
Gold:   273        SH:  0    Dex: 14    Spells: 3/12 levels left

rFire   . . .      SeeInvis .    a - +1 dagger (venom)
rCold   . . .      Faith    .    (no shield)
rNeg    + . .      Spirit   .    (helmet restricted)
rPois   .          Reflect  .    (no amulet)
rElec   .          Harm     .    g - ring of positive energy
rCorr   .          Rampage  .    (no ring)
Will    .....                    (no ring)
Stlth   ++++                     (no ring)
HPRegen 0.27/turn                (no ring)
MPRegen 0.12/turn                (no ring)
                                 (no ring)
                                 (no ring)

@: very slightly contaminated
A: almost no armour, amphibious, 8 rings, camouflage 1, gelatinous body 1,
(nimble swimmer 1), tentacles
a: no special abilities


You were on level 3 of the Dungeon.
You visited 1 branch of the dungeon, and saw 4 of its levels.
You also visited: Sewer.

You collected 273 gold pieces.

Inventory:

Hand Weapons
 a - a +1 dagger of venom (weapon)
 b - a +1 flail of protection
Missiles
 l - 23 poisoned darts (quivered)
Jewellery
 g - a ring of positive energy (left tentacle)
Scrolls
 c - a scroll of teleportation
 d - a scroll of fog
 f - a scroll of identify
 i - a scroll of fear
 j - a scroll of amnesia
 o - 2 scrolls of magic mapping
Potions
 e - a potion of haste
 h - 2 potions of curing
 k - 2 potions of invisibility
 n - a potion of might


   Skills:
 + Level 2.3 Fighting
 + Level 2.6 Short Blades
 * Level 4.2 Dodging
 * Level 6.9 Stealth
 - Level 1.0 Unarmed Combat
 + Level 3.0 Spellcasting
 + Level 3.9 Hexes


You had 3 spell levels left.
You knew the following spells:

 Your Spells              Type           Power      Damage    Failure   Level
a - Confusing Touch       Hex            17%        N/A       10%         3
b - Summon Small Mammal   Summ           8%         N/A       16%         1
c - Ensorcelled Hibernat  Hex/Ice        18%        N/A       11%         2
d - Dazzling Flash        Conj/Hex       18%        N/A       22%         3

Your spell library contained the following spells:

 Spells                   Type           Power      Damage    Failure   Level
 Tukima's Dance           Hex            17%        N/A       10%         3
 Summon Guardian Golem    Hex/Summ       9%         N/A       22%         3
 Call Canine Familiar     Summ           2%         N/A       43%         3


Dungeon Overview and Level Annotations

Branches:
Dungeon (4/15)              Sewer (visited)
 Temple: D:4-7

Altars:
Elyvilon
Makhleb


Innate Abilities, Weirdness & Mutations

You cannot wear most types of armour.
You are amphibious.
You can wear up to eight rings at the same time.
Your skin changes colour to match your surroundings (Stealth+).
Your rubbery body absorbs attacks. (AC +1, EV +1)
((You are camouflaged when in or above water. (Stealth+)))
You have tentacles for arms and can constrict up to eight enemies at once.


Message History

There is a stone staircase leading down here.
You start resting.
HP restored.
You climb downwards.
The gnoll hits you with a +0 whip! The gnoll hits you with a +0 flail!
There is a stone staircase leading up, spattered with blood here.
Casting: Ensorcelled Hibernation (safe; 11% risk of failure)
Confirm with . or Enter, or press ? or * to list all spells.
The spell is quite dangerous to miscast (22% risk of failure)!
Continue anyway?
Casting: Dazzling Flash (quite dangerous; 22% risk of failure)
Press: ? - help, Dir - look around, f - activate The gnoll is dazzled. x2; The gnoll barely misses you.
The gnoll closely misses you.
You closely miss the gnoll. Your grab misses the gnoll.
The gnoll completely misses you. The gnoll barely misses you.
The hound misses you.
You hit the gnoll but do no damage. You grab the gnoll. You squeeze the gnoll.
The gnoll is lightly wounded.
You constrict the gnoll, but do no damage.
The hound bites you. The gnoll misses you. The gnoll hits you with a +0 flail!
* * * LOW HITPOINT WARNING * * *
You release your grip on the gnoll.
The gnoll is no longer blind.
The hound closely misses you. The gnoll closely misses you.
The gnoll barely misses you. The kobold misses you.
The hound bites you but does no damage.
You climb upwards.
There is a stone staircase leading down here.
Casting: Dazzling Flash (quite dangerous; 22% risk of failure)
Confirm with . or Enter, or press ? or * to list all spells.
The spell is quite dangerous to miscast (22% risk of failure)!
Continue anyway?
Casting: Dazzling Flash (quite dangerous; 22% risk of failure)
Press: ? - help, Dir - look around, f - activate You miscast Dazzling Flash.
You are very lightly contaminated with residual magic.
Nothing appears to happen.
The hound bites you.
* * * LOW HITPOINT WARNING * * *
The gnoll hits you with a +0 whip!
* * * LOW HITPOINT WARNING * * *
The kobold hits you with a +2 whip of venom.
You die...

#........#.........####.
#........'.........+....
#.#...##.#.........####.
#....###.##.......## ##
#....# #.###.....## #
#...## #.# ##..†## #..##
#.#####'##
#..#####h.......#
#.)...g@g#####..#
##.#####K# ##..#######
#.#####.####.........#
#.......).......####.#
#######.##.#[..#####.#
#.##.........#.##
#.#####..###.....
#..............##
#######.########


You could see a hound, 2 gnolls and a kobold.

Vanquished Creatures
  A black bear (D:4)
  2 kobold brigands (Sewer)
  A scorpion (D:3)
  2 orc wizards (D:3)
  7 adders
  6 gnolls
  3 river rats (Sewer)
  An ufetubus (D:4)
  3 worms (D:3)
  3 dart slugs
  11 orcs (D:3)
  6 bats
  9 endoplasms
  4 giant cockroaches
  7 goblins
  6 hobgoblins
  3 jackals (D:2)
  3 quokkas
  7 ball pythons
  8 frilled lizards
  11 kobolds
  7 rats
111 creatures vanquished.

Vanquished Creatures (others)
  12 plants (Sewer)
12 creatures vanquished.

Grand Total: 123 creatures vanquished

Notes
Turn   | Place    | Note
-------+----------+-------------------------------------------
     0 | D:1      | Ignak the Octopode Enchanter began the quest for the Orb.
     0 | D:1      | Reached XP level 1. HP: 11/11 MP: 3/3
    82 | D:1      | Reached XP level 2. HP: 17/17 MP: 5/5
   195 | D:1      | Learned a level 2 spell: Ensorcelled Hibernation
   284 | D:1      | Reached XP level 3. HP: 8/22 MP: 1/6
   438 | D:1      | Learned a level 3 spell: Confusing Touch
   509 | D:1      | Learned a level 1 spell: Summon Small Mammal
   892 | D:2      | Reached XP level 4. HP: 13/27 MP: 0/7
   894 | D:2      | Reached skill level 5 in Stealth
  1312 | D:2      | Reached skill level 1 in Unarmed Combat
  1456 | D:2      | Reached skill level 1 in Fighting
  1738 | D:3      | Found a glowing drain.
  1742 | Sewer    | Entered a sewer
  1746 | Sewer    | Noticed a kobold brigand
  1770 | Sewer    | Killed a kobold brigand
  1771 | Sewer    | Reached XP level 5. HP: 33/33 MP: 8/8
  2001 | Sewer    | Noticed a kobold brigand
  2012 | Sewer    | Killed a kobold brigand
  2013 | Sewer    | Reached skill level 6 in Stealth
  2013 | Sewer    | Reached XP level 6. HP: 32/38 MP: 6/9
  2279 | Sewer    | Learned a level 3 spell: Dazzling Flash
  2932 | D:3      | Found a burning altar of Makhleb.
  2932 | D:3      | Found a white marble altar of Elyvilon.
  3494 | D:3      | Reached XP level 7. HP: 45/45 MP: 11/11
  3824 | D:3      | Slain by a kobold

Illustrated notes

Levels and vault maps discovered:
D:1:      lemuel_arrival_cross, layout_rooms
D:2:      layout_basic, minmay_quantized
D:3:      layout_loops_corners, jmf_multi_god_temple, gup_sewer_entry_bowl
D:4:      layout_loops_ring

Skill      XL: |  1  2  3  4  5  6  7 |
---------------+----------------------+-----
Stealth        | 5 6 |  6.9
Unarmed Combat | 1 |  1.0
Fighting       | 1 2 |  2.3
Dodging        | 3 4 |  4.2
Short Blades   | 2 |  2.6
Spellcasting   | 3 |  3.0
Hexes          | |  3.9

Action                   |  1- 3 |  4- 6 |  7- 9 || total
-------------------------+-------+-------+-------++-------
Melee: Dagger            |    81 |   140 |    19 ||   240
       Constrict         |    21 |    41 |     5 ||    67
       Tentacles         |    18 |    30 |     4 ||    52
       Punch             |     1 |     3 |       ||     4
Throw: Dart              |       |       |     1 ||     1
 Cast: Ensorcelled Hiber |     5 |     8 |     2 ||    15
       Dazzling Flash    |       |     2 |     2 ||     4
       Summon Small Mamm |       |     1 |     2 ||     3
  Use: Scroll            |     1 |     6 |     2 ||     9
       Potion            |       |     1 |     6 ||     7
 Stab: Sleeping          |     8 |    22 |     3 ||    33
       Distracted        |     1 |       |       ||     1
Armor: Skin              |     8 |     2 |     3 ||    13
Dodge: Dodged            |    39 |    64 |    31 ||   134

Table legend: (Time is in decaauts)
 A = Elapsed time spent in this place.
 B = Non-inter-level travel time spent in this place.
 C = Inter-level travel time spent in this place.
 D = Time resting spent in this place.
 E = Time spent auto-exploring this place.
 F = Levels seen in this place.
 G = Mean time per level.
                   A        B        C        D        E       F      G
               +--------+--------+--------+--------+--------+-----+--------+
         Total |   3784 |   3713 |     71 |    286 |   2215 |   5 |  756.8 |
       Dungeon |   2946 |   2875 |     71 |    286 |   1742 |   4 |  736.5 |
         Sewer |    837 |    837 |      0 |      0 |    473 |   1 |  837.0 |
               +--------+--------+--------+--------+--------+-----+--------+

Top non-repeatable levels by time:
     D:2: 1159 daAuts
     D:3: 1134 daAuts
   Sewer: 837 daAuts
     D:1: 512 daAuts
     D:4: 139 daAuts
